 Dungeon Crawl Stone Soup version 0.20-a0-390-g4892b34 (webtiles) character file.

76 voolteen the Skirmisher (level 4, 24/40 HPs)
             Began as a Draconian Berserker on Dec 30, 2016.
             Was a Believer of Trog.
             Got out of the dungeon alive.
             The game lasted 00:16:36 (3013 turns).

voolteen the Skirmisher (Draconian Berserker)       Turns: 3013, Time: 00:16:37

Health: 24/40      AC:  5    Str: 19    XL:     4   Next: 12%
Magic:  4/4        EV: 13    Int:  8    God:    Trog [**....]
Gold:   96         SH:  0    Dex: 11    Spells: 3/3 levels left

rFire  . . .     SeeInvis .     a - +0 hand axe
rCold  . . .     Gourm    .     (armour unavailable)
rNeg   . . .     Faith    .     (no shield)
rPois  .         Spirit   .     (helmet restricted)
rElec  .         Reflect  .     (no cloak)
rCorr  .         Harm     .     (no gloves)
MR     .....                    (no boots)
Stlth  +.........               (no amulet)
                                (no ring)
                                (no ring)

@: no status effects
A: unfitting armour, cold-blooded, AC +5
a: Berserk, Trog's Hand, Burn Spellbooks, Renounce Religion


You escaped.
You worshipped Trog.
Trog was pleased with you.
You were not hungry.

You visited 1 branch of the dungeon, and saw 2 of its levels.

You collected 96 gold pieces.

Inventory:

Hand Weapons
 a - a +0 hand axe (weapon)
 c - a +0 club
 f - a +0 mace
 g - a +0 club
 q - a +0 dagger
 t - a +0 dagger
Missiles
 h - 23 stones {agua}
 k - 8 tomahawks (quivered)
 n - 3 javelins
 o - 17 sling bullets
 p - 30 arrows
Armour
 i - a +0 scale mail
 l - a +0 robe
Scrolls
 e - a scroll of blinking {unknown}
 m - 4 scrolls of fear {unknown}
Potions
 b - a potion of heal wounds {unknown}
 j - a potion of flight {unknown}
 r - a potion of haste
Books
 v - a book of Minor Magic

   Spells                             Type                      Level
   a - Magic Dart                     Conjuration                  1
   b - Blink                          Translocation                2
   c - Call Imp                       Summoning                    2
   d - Repel Missiles                 Charms/Air                   2
   e - Slow                           Hexes                        2
   f - Conjure Flame                  Conjuration/Fire             3
   g - Mephitic Cloud                 Conjuration/Poison/Air       3
   Trog disapproves of the use of such an item.
Comestibles
 d - a fruit
 s - 4 chunks of flesh
 u - a bread ration


   Skills:
 + Level 3.9 Fighting
 + Level 3.9 Axes
 + Level 3.3 Dodging
 + Level 0.8 Stealth


You had 3 spell levels left.
You didn't know any spells.

Dungeon Overview and Level Annotations

Branches:
Dungeon (2/15)

Altars:


Innate Abilities, Weirdness & Mutations

Your plain brown scales are hard. (AC +5)
You cannot fit into any form of body armour.
You are cold-blooded and may be slowed by cold attacks.


Message History

a club; a hobgoblin corpse You butcher the hobgoblin corpse.
s - 6 chunks of flesh (gained 2)
You see here a club.
You feel sick. Why would you want to do that? Why would you want to do that?
You feel sick.
You are no longer poisoned.
Some of the chunks of flesh in your inventory have rotted away.
There is a staircase leading out of the dungeon here.
There isn't anything here!
Are you sure you want to leave the Dungeon?
This will make you lose the game!
Uppercase [Y]es or [N]o only, please.
Are you sure you want to leave the Dungeon?
This will make you lose the game!
Uppercase [Y]es or [N]o only, please.
Are you sure you want to leave the Dungeon?
This will make you lose the game!
Uppercase [Y]es or [N]o only, please.
Are you sure you want to leave the Dungeon?
This will make you lose the game!
You have escaped!

#..#.##
#...≈..#...#...
#.#...#
##...≈≈.≈...#.#
#....##
#.##.≈≈≈≈≈≈...#
#.#.######.#.≈≈≈≈≈≈.≈#
#......##...≈.≈≈≈≈.≈##
###.######.≈≈≈≈≈≈≈≈≈##
#.# #.≈≈≈≈≈≈≈≈..#
####.# ###.≈≈≈..≈≈.≈≈#
.....# #..≈≈≈.≈@≈.≈≈≈#
###### #.#.≈.≈≈.≈≈≈≈.#
#.#..≈≈≈≈≈≈≈).#
###.≈≈≈≈≈≈≈≈≈÷#
##...≈≈≈≈≈≈≈..##
#≈≈.≈.≈≈≈≈≈≈.≈.#
##≈≈≈≈.≈≈≈≈..≈.#
#.≈≈≈≈..≈.#...##
##.≈≈≈..#.##...#


There were no monsters in sight!

Vanquished Creatures
  3 adders
  2 oozes
  A worm (D:2)
  A dart slug (D:1)
  An orc (D:2)
  4 bats
  A giant cockroach (D:2)
  6 hobgoblins
  4 jackals (D:1)
  2 frilled lizards
  4 goblins
  A kobold (D:2)
  8 rats
38 creatures vanquished.

Notes
Turn   | Place    | Note
-------+----------+-------------------------------------------
     0 | D:1      | voolteen the Draconian Berserker began the quest for the Orb.
     0 | D:1      | Reached XP level 1. HP: 19/19 MP: 1/1
   790 | D:1      | Reached XP level 2. HP: 18/26 MP: 2/2
  1901 | D:1      | Reached XP level 3. HP: 33/33 MP: 3/3
  2179 | D:2      | Reached ** piety under Trog
  2994 | D:1      | Reached XP level 4. HP: 26/40 MP: 4/4
  3013 | D:$      | Got out of the dungeon alive.

Vault maps used:
D:1:      dpeg_arrival_subterranean_lakeside_camping, solitary_fountain

Skill      XL: |  1  2 |
---------------+-------+-----
Dodging        | 3 |  3.3
Fighting       | |  3.9
Axes           | |  3.9
Stealth        | |  0.8

Action                   |  1- 3 |  4- 6 || total
-------------------------+-------+-------++-------
Melee: Hand axe          |   117 |     1 ||   118
       Tailslap          |     9 |       ||     9
 Stab: Sleeping          |     2 |       ||     2
  Eat: Bread ration      |     1 |       ||     1
       Fruit             |     1 |       ||     1
       Chunk             |     1 |       ||     1
Armor: Skin              |    54 |       ||    54
Dodge: Dodged            |   123 |     1 ||   124
